 Dungeon Crawl Stone Soup version 0.30-a0-782-ge64f9170bb (webtiles) character file.

Game seed: 14351393376037173820

1920 kae the Destroyer (level 9, -1/45 HPs)
             Began as a Tengu Fire Elementalist on Feb 28, 2023.
             Killed from afar by an electric eel (10 damage)
             ... with a bolt of electricity
             ... on level 7 of the Dungeon.
             The game lasted 00:06:02 (6099 turns).

kae the Destroyer (Tengu Fire Elementalist)         Turns: 6099, Time: 00:06:03

Health: -1/45      AC:  2    Str:  9    XL:     9   Next: 16%
Magic:  27/28      EV: 14    Int: 20    God:
Gold:   312        SH:  5    Dex: 14    Spells: 10/20 levels left

rFire   + . .      SeeInvis .    o - +1 whip (freeze)
rCold   x . .      Faith    .    (no shield)
rNeg    . . .      Spirit   .    a - +0 robe
rPois   .          Reflect  +    (helmet restricted)
rElec   .          Harm     .    (no cloak)
rCorr   .          Rampage  .    (no gloves)
Will    .....                    (boots unavailable)
Stlth   ++                       n - amulet of reflection
HPRegen 0.27/turn                F - ring of fire
MPRegen 0.21/turn                w - ring of magical power

@: flying quickly and evasively, studying Unarmed Combat, quick
A: beak, talons 3, nimble flight
a: no special abilities


You were on level 7 of the Dungeon.
You visited 1 branch of the dungeon, and saw 7 of its levels.

You collected 312 gold pieces.


Innate Abilities, Weirdness & Mutations

You have a beak for a mouth.
You have claws for feet.
Your magical nature lets you fly swiftly and evasively.


   Skills:
 - Level 2.1 Dodging
 - Level 2.0 Stealth
 + Level 6.4 Spellcasting
 + Level 8.9 Conjurations
 + Level 8.1 Fire Magic


You had 10 spell levels left.
You knew the following spells:

 Your Spells              Type           Power      Damage    Failure   Level
a - Foxfire               Conj/Fire      100%       2x1d9     1%          1
b - Scorch                Fire           100%       2d10      1%          2
c - Inner Flame           Hex/Fire       33%        N/A       6%          3
d - Flame Wave            Conj/Fire      57%        2d14      3%          4

Your spell library contained the following spells:

 Spells                   Type           Power      Damage    Failure   Level
 Sticky Flame             Conj/Fire      57%        2d7       3%          4
 Ignite Poison            Fire/Tmut/Pois 25%        N/A       10%         3
 Kindle Blastsparks       Fire/Tloc/Air  50%        2d14      10%         3
 Borgnjor's Revivificati  Necr           3%         N/A       100%        8
 Ignition                 Fire           27%        3d9       100%        8
 Necromutation            Tmut/Necr      3%         N/A       100%        8
 Death's Door             Necr           3%         N/A       100%        9

Inventory:

Hand Weapons
 e - a +1 hand axe
   (You found it on level 1 of the Dungeon)
 o - a +1 whip of freezing (weapon)
   (You took it off Pikel on level 5 of the Dungeon)
Missiles
 l - 6 curare-tipped darts {=f}
 m - 6 boomerangs
 p - a throwing net {=f!f}
 s - 2 boomerangs of dispersal {=f!f}
 E - 48 stones
Armour
 a - a +0 robe (worn)
Magical Staves
 t - a staff of air {!a}
   (You found it on level 4 of the Dungeon)
Jewellery
 f - a ring of fire
   (You found it on level 6 of the Dungeon)
 n - an amulet of reflection (around neck)
   (You took it off a gnoll on level 2 of the Dungeon)
 w - a ring of magical power (right hand)
   (You found it on level 5 of the Dungeon)
 F - a ring of fire (left hand)
   (You took it off a goblin on level 4 of the Dungeon)
 G - an amulet of guardian spirit
   (You found it on level 4 of the Dungeon)
 S - a +6 ring of strength
   (You found it on level 3 of the Dungeon)
 W - a ring of magical power
   (You found it on level 4 of the Dungeon)
Wands
 c - a wand of polymorph (18)
   (You found it on level 3 of the Dungeon)
 u - a wand of flame (21)
   (You found it on level 3 of the Dungeon)
 y - a wand of iceblast (1)
   (You found it on level 4 of the Dungeon)
 I - a wand of paralysis (5)
   (You found it on level 6 of the Dungeon)
Scrolls
 g - a scroll of torment {!r}
 k - a scroll of fog
 z - 4 scrolls of enchant weapon
 B - a scroll of immolation {unknown}
 C - a scroll of magic mapping {unknown}
 H - a scroll of amnesia {unknown}
Potions
 b - a potion of magic
 d - 4 potions of heal wounds {@q2}
 i - 2 potions of haste {@q3}
 j - 3 potions of curing {unknown}
 q - 2 potions of degeneration {unknown}
 v - a potion of cancellation
 x - a potion of flight {unknown}
 A - 2 potions of attraction {!q}
 D - a potion of mutation {unknown}

Dungeon Overview and Level Annotations

Branches:
Dungeon (7/15) Zot: 26935
 Temple: D:4-7

Altars:
Cheibriados
Qazlal

Annotations:
D:2 Terence
D:5 2 transporters

..~~.~.....~~~~
≈P≈~~~.~P..PP≈~
≈≈≈≈≈≈≈~~~~≈≈≈~
≈≈≈≈S≈≈≈≈~~~≈≈≈
~PP≈~P~~~~~P~≈≈
.~.~P.~P.~.~~≈~
......v.v..S..~
#@# ~
.######.####....
......[.<......#
###.#########..#


You could see 2 electric eels.


Message History

You regained 2 hp, and now have 38/45 hp.
You start resting. 😎 HP[+7]
Your hp is fully restored (45).
(D) Dungeon
Where to? (Enter - D:6, ? - help)
There is a stone staircase leading down here.
You fly downwards.
There is a stone staircase leading up here.
Okay, then.
Casting: Foxfire (safe; 1% risk of failure)
Confirm with . or Enter, or press ? or * to list all spells.
You feel a surge of power!
You conjure some foxfire! 😎 MP[-1]
You lost 1 mp, and now have 27/28 mp.
An orc comes into view. It is wielding a +0 club. 😎 MP[+1]
Your mp is fully restored (28).
An orc is nearby!
An orc is nearby!
Casting: Foxfire (safe; 1% risk of failure)
Confirm with . or Enter, or press ? or * to list all spells.
You feel a surge of power!
You conjure some foxfire!
The orc shouts!
An electric eel comes into view. 😎 MP[-1]
You lost 1 mp, and now have 27/28 mp.
Casting: Foxfire (safe; 1% risk of failure)
Confirm with . or Enter, or press ? or * to list all spells.
You feel a surge of power!
You conjure some foxfire!
The electric eel shoots out a bolt of lightning at you!
The bolt of electricity hits your foxfire!
The bolt of electricity hits you!
The bolt of electricity hits your foxfire!
The foxfire hits the electric eel!
The electric eel is engulfed in a cloud of scalding steam. 😕 HP[-10] MP[-1]
You take 10 damage, and now have 35/45 hp.
MASSIVE DAMAGE!! (PAUSE)
You lost 1 mp, and now have 26/28 mp.
Casting: Foxfire (safe; 1% risk of failure)
Confirm with . or Enter, or press ? or * to list all spells.
You feel a surge of power!
You conjure some foxfire!
The foxfire hits the orc.
Casting: Foxfire (safe; 1% risk of failure)
Confirm with . or Enter, or press ? or * to list all spells.
You feel a surge of power!
You conjure some foxfire!
The orc hits you with a +0 club.
You block the orc's attack. 😮 HP[-3] MP[-1]
You take 3 damage, and now have 32/45 hp.
You lost 1 mp, and now have 25/28 mp.
Casting: Foxfire (safe; 1% risk of failure)
Confirm with . or Enter, or press ? or * to list all spells.
You feel a surge of power!
Flames lash the orc.
You kill the orc! 😮 MP[-1]
You lost 1 mp, and now have 24/28 mp.
Unknown command.
Casting: Scorch (safe; 1% risk of failure)
Confirm with . or Enter, or press ? or * to list all spells.
You feel a surge of power!
You conjure some foxfire! 😮 HP[+1] MP[-1]
You lost 1 mp, and now have 23/28 mp.
An electric eel comes into view. 😕 HP[+7] MP[+5]
You regained 7 hp, and now have 40/45 hp.
Your mp is fully restored (28).
An electric eel is nearby!
An electric eel is nearby!
An electric eel is nearby!
Casting: Foxfire (safe; 1% risk of failure)
Confirm with . or Enter, or press ? or * to list all spells.
You feel a surge of power!
You conjure some foxfire!
The electric eel shoots out a bolt of lightning at you!
The bolt of electricity hits the plant!
The plant begins to die.
The bolt of electricity misses you. 😕 MP[-1]
You lost 1 mp, and now have 27/28 mp.
Casting: Foxfire (safe; 1% risk of failure)
Confirm with . or Enter, or press ? or * to list all spells.
You feel a surge of power!
You conjure some foxfire! 😕 HP[+1] MP[-1]
You lost 1 mp, and now have 26/28 mp.
A nearby plant withers and dies.
The electric eel shoots out a bolt of lightning at you!
The bolt of electricity hits you! x2
The electric eel shoots out a bolt of lightning at you!
The bolt of electricity hits the plant!
The plant begins to die.
The bolt of electricity hits you!
* * * LOW HITPOINT WARNING * * *
The bolt of electricity hits you!
* * * LOW HITPOINT WARNING * * *
You see here a +0 club.
Casting: Foxfire (safe; 1% risk of failure)
Confirm with . or Enter, or press ? or * to list all spells.
You feel a surge of power!
You conjure some foxfire!
The electric eel shoots out a bolt of lightning at you!
The bolt of electricity hits your foxfire!
The bolt of electricity hits you!
You die...

Skill      XL: |  1  2  3  4  5  6  7  8  9 |
---------------+----------------------------+-----
Conjurations   | 2 3 4 5 6 8 |  8.9
Fire Magic     | 4 5 6 7 8 |  8.1
Spellcasting   | 3 4 5 6 |  6.4
Dodging        | |  2.1
Stealth        | |  2.0

Action                     |  1- 3 |  4- 6 |  7- 9 || total
---------------------------+-------+-------+-------++-------
  Melee: Hand axe          |     6 |     1 |       ||     7
         Kick              |     1 |       |       ||     1
   Cast: Foxfire           |    77 |    87 |    87 ||   251
         Scorch            |     1 |    26 |    17 ||    44
         Inner Flame       |       |       |     4 ||     4
  Evoke: Wand              |       |     3 |       ||     3
    Use: Scroll            |       |     4 |     9 ||    13
         Potion            |       |       |     1 ||     1
 Armour: Robe              |     7 |     5 |     7 ||    19
  Dodge: Dodged            |    13 |    39 |    51 ||   103
  Block: Other             |       |    15 |    15 ||    30
         Reflection        |       |     4 |     1 ||     5

Levels and vault maps discovered:
D:1:      kilobyte_arrival_exit_the_forest, layout_basic, serial_corexii_hall,
          chequers_hall_statues_wall_a, corexii_hall_statues_u,
          corexii_hall_statues_x, corexii_hall_statues_l,
          shapermc_ecumenical_altar_venn
D:2:      layout_rooms, basic_altar, dreamdust_mushroom_princess, uniq_terence
D:3:      layout_rooms
D:4:      layout_loops_cross, serial_demonic, serial_demonic_f,
          serial_demonic_a, serial_demonic_f, serial_demonic_a,
          minmay_misc_feat_x, minmay_joined_circles
D:5:      gammafunk_cloud_chamber, layout_basic,
          mainiacjoe_overflow_tiny_flanked, uniq_pikel
D:6:      layout_loops_ring, lemuel_tele_altar, minmay_three_doors
D:7:      gammafunk_the_bubble [the_bubble_gammafunk_grid], layout_loops_ring,
          kennysheep_orc_sif_temple, minmay_temple_entry_slanted,
          chequers_big_river, uniq_duvessa

Notes
Turn   | Place    | Note
-------+----------+-------------------------------------------
     0 | D:1      | kae the Tengu Fire Elementalist began the quest for the
                  | Orb.
     0 | D:1      | Reached XP level 1. HP: 10/10 MP: 4/4
     0 | D:1      | magus.rc [v1.11.3]
    10 | D:1      | You add the spells Ignite Poison, Sticky Flame and Ignition
                  | to your library.
   209 | D:1      | Reached XP level 2. HP: 15/15 MP: 1/6
   265 | D:1      | Reached skill level 2 in Conjurations
   458 | D:1      | Found a faded altar of an unknown god.
   827 | D:1      | Learned a level 2 spell: Scorch
   866 | D:1      | Reached XP level 3. HP: 19/19 MP: 3/7
   878 | D:1      | Learned a level 3 spell: Inner Flame
  1057 | D:1      | You fall into a shaft and drop 1 floor!
  1057 | D:2      | Found a snail-covered altar of Cheibriados.
  1410 | D:2      | You add the spells Borgnjor's Revivification, Necromutation
                  | and Death's Door to your library.
  1575 | D:2      | Reached skill level 4 in Fire Magic
  1636 | D:2      | Noticed Terence
  1689 | D:2      | Reached skill level 3 in Conjurations
  1835 | D:2      | Reached XP level 4. HP: 24/24 MP: 5/9
  1949 | D:2      | HP: 6/24 [gnoll/+0 spear (9)]
  2169 | D:2      | Reached skill level 3 in Spellcasting
  2766 | D:3      | Gained mutation: Your magical nature lets you fly swiftly
                  | and evasively. [Tengu growth]
  2766 | D:3      | Reached XP level 5. HP: 28/28 MP: 5/10
  3044 | D:4      | Reached skill level 4 in Conjurations
  3603 | D:4      | Reached XP level 6. HP: 32/32 MP: 8/12
  3839 | D:4      | Reached skill level 5 in Fire Magic
  3942 | D:4      | Reached skill level 5 in Conjurations
  3988 | D:4      | Reached skill level 4 in Spellcasting
  4180 | D:4      | Learned a level 4 spell: Flame Wave
  4208 | D:5      | Entered Level 5 of the Dungeon
  4218 | D:5      | Reached XP level 7. HP: 36/36 MP: 9/14
  4372 | D:5      | Found a transporter.
  4377 | D:5      | Noticed a fire bat
  4377 | D:5      | Noticed a fire bat
  4377 | D:5      | Noticed a fire bat
  4417 | D:5      | Reached skill level 6 in Conjurations
  4467 | D:5      | Found a transporter.
  4490 | D:5      | Reached skill level 6 in Fire Magic
  4685 | D:5      | Reached skill level 5 in Spellcasting
  4685 | D:5      | Reached XP level 8. HP: 32/41 MP: 16/16
  4838 | D:5      | Noticed Pikel
  4876 | D:5      | Killed Pikel
  4877 | D:5      | Reached skill level 7 in Conjurations
  4877 | D:5      | Reached skill level 7 in Fire Magic
  5130 | D:5      | Found a snail-covered altar of Cheibriados.
  5138 | D:5      | Reached skill level 8 in Conjurations
  5392 | D:6      | Reached skill level 6 in Spellcasting
  5399 | D:6      | HP: 8/41 [orc/+0 dagger (4)]
  5547 | D:6      | Reached XP level 9. HP: 45/45 MP: 19/19
  5639 | D:6      | Reached skill level 8 in Fire Magic
  5769 | D:6      | Found a stormy altar of Qazlal.
  5985 | D:6      | Noticed a purple ugly thing
  5992 | D:6      | HP: 7/45 [purple ugly thing (20)]
  6098 | D:7      | HP: 9/45 [electric eel/bolt of electricity (12)]
  6099 | D:7      | Killed from afar by an electric eel

Vanquished Creatures
  Pikel (D:5)
  4 black bears
  An ice beast (D:6)
  An ogre (D:5)
  3 lemures (D:5)
  A phantom (D:6)
  A necrophage (D:5)
  4 scorpions
  3 jellies
  2 quasits (D:4)
  An orc priest (D:6)
  4 hounds (D:5)
  An orc wizard (D:6)
  4 gnolls
  3 adders
  A shadow imp (D:4)
  6 white imps
  2 worms (D:2)
  6 dart slugs
  6 orcs
  8 ball pythons
  5 endoplasms
  2 giant cockroaches
  11 goblins
  9 hobgoblins
  2 jackals (D:1)
  8 kobolds
  3 quokkas
  2 bats (D:1)
  3 frilled lizards
  5 rats
113 creatures vanquished.

Vanquished Creatures (collateral kills)
  3 foxfires
3 creatures vanquished.

Vanquished Creatures (others)
  410 foxfires
  A fungus (D:2)
  A plant (D:7)
412 creatures vanquished.

Grand Total: 528 creatures vanquished

Table legend:
 A = Non-vault XP
 B = Vault XP
 C = Vault XP percentage of total XP
 D = Non-vault monster count
 E = Vault monster count
 F = Vault count percentage of total count
                 A         B        C        D         E       F
            +---------+---------+-------+---------+---------+-------
      Total |    1698 |    1045 |  38.1 |      92 |      18 |  16.4
            +---------+---------+-------+---------+---------+-------
        D:1 |      38 |       0 |   0.0 |      21 |       0 |   0.0
        D:2 |     100 |       0 |   0.0 |      23 |       0 |   0.0
        D:3 |      30 |       0 |   0.0 |      12 |       0 |   0.0
        D:4 |      21 |     379 |  94.8 |      10 |      16 |  61.5
        D:5 |     820 |     663 |  44.7 |      13 |       1 |   7.1
        D:6 |     686 |       3 |   0.4 |      12 |       1 |   7.7
        D:7 |       3 |       0 |   0.0 |       1 |       0 |   0.0
            +---------+---------+-------+---------+---------+-------

Illustrated notes

Table legend:
 A = Kills in this place as a percentage of kills in entire the game.
 B = Kills by you in this place as a percentage of kills by you in the entire game.
 C = Kills by friends in this place as a percentage of kills by friends in the entire game.
 D = Other kills in this place as a percentage of other kills in the entire game.
 E = Experience gained in this place as a percentage of experience gained in the entire game.
 F = Experience gained in this place divided by the number of levels of this place that you have seen.
                   A       B       C       D       E      F
               +-------+-------+-------+-------+-------+----------------------
         Total | 100.0 | 100.0 |   N/A |   N/A | 100.0 | 391.9
       Dungeon | 100.0 | 100.0 |   N/A |   N/A | 100.0 | 391.9
               +-------+-------+-------+-------+-------+----------------------

Table legend: (Time is in decaauts)
 A = Elapsed time spent in this place.
 B = Non-inter-level travel time spent in this place.
 C = Inter-level travel time spent in this place.
 D = Time resting spent in this place.
 E = Time spent auto-exploring this place.
 F = Levels seen in this place.
 G = Mean time per level.
                   A        B        C        D        E       F      G
               +--------+--------+--------+--------+--------+-----+--------+
         Total |   5923 |   5768 |    155 |    237 |   4534 |   7 |  846.1 |
       Dungeon |   5923 |   5768 |    155 |    237 |   4534 |   7 |  846.1 |
               +--------+--------+--------+--------+--------+-----+--------+

Top non-repeatable levels by time:
     D:1: 1431 daAuts
     D:4: 1201 daAuts
     D:2: 1012 daAuts
     D:5: 908 daAuts
     D:6: 815 daAuts
     D:3: 490 daAuts
     D:7: 63 daAuts
